 Dungeon Crawl Stone Soup version 0.19-a0-174-g09de571 (webtiles) character file.

12805 aurelian the Carver (level 11, -13/70 (71) HPs)
             Began as a Tengu Berserker on May 22, 2016.
             Was an Elder of Trog.
             Mangled by an ice beast (14 damage)
             ... summoned by an ice statue
             ... in an ice cave.
             The game lasted 00:29:25 (12639 turns).

aurelian the Carver (Tengu Berserker)              Turns: 12639, Time: 00:29:26

HP:   -13/70 (71)   AC: 25    Str: 20    XL:     11   Next: 99%
MP:   12/12         EV: 11    Int: 10    God:    Trog [****..]
Gold: 611           SH:  0    Dex: 16    Spells: 0 memorised, 10 levels left

rFire  + . .     SeeInvis .     v - +2 scimitar (drain)
rCold  . . .     Gourm    .     N - +8 plate armour of Yminojot {rF+}
rNeg   . . .     Faith    .     (no shield)
rPois  .         Spirit   .     (helmet restricted)
rElec  .         Dismiss  .     i - +1 cloak
rCorr  .         Reflect  .     (no gloves)
SustAt .         Harm     .     (boots unavailable)
MR     +++..                    (no amulet)
Stlth  ..........               C - +1 ring of protection
                                J - ring of protection from magic

@: exhausted, very slightly contaminated, regenerating, hasted and slowed,
extremely resistant to hostile enchantments, extremely unstealthy
A: beak, talons 3, clever 1, strong 1, able to fly 1
a: Fly, Berserk, Trog's Hand, Brothers in Arms, Burn Spellbooks, Renounce
Religion


You were in an ice cave.
You worshipped Trog.
Trog was greatly pleased with you.
You were very hungry.

You visited 1 branch of the dungeon, and saw 12 of its levels.
You also visited: Labyrinth, Sewer and Ice Cave.

You collected 766 gold pieces.
You spent 155 gold pieces at shops.

Inventory:

Hand Weapons
 a - a +1 falchion
 v - a +2 scimitar of draining (weapon)
 y - a +0 falchion of protection
 A - a +0 scimitar of slicing
Missiles
 e - 18 tomahawks (quivered)
 j - 291 stones
Armour
 i - a +1 cloak (worn)
 u - a +1 chain mail of cold resistance
 z - a +3 plate armour of fire resistance
 G - a +0 scale mail
 N - the +8 plate armour of Yminojot (worn) {rF+}
   (You found it in a labyrinth)

   It protects you from fire.
Rods
 K - a +0 iron rod (9/9)
   (You found it in a labyrinth)
Jewellery
 q - an uncursed ring of sustain attributes
 x - an uncursed ring of protection from fire
 C - a +1 ring of protection (right hand)
 E - an uncursed ring of magical power
 F - an uncursed ring of stealth
 J - a ring of protection from magic (left hand)
Wands
 h - a wand of acid (12/15)
 s - a wand of lightning (2/15)
 t - a wand of iceblast (11/15)
 L - a wand of paralysis (9/24)
 M - a wand of iceblast (9/15)
Scrolls
 f - 2 scrolls of enchant weapon
 m - 3 scrolls of identify
 D - a scroll of teleportation
 H - 2 scrolls of enchant armour
Potions
 d - 2 potions of magic
 g - a potion of flight
 k - 3 potions of agility
 l - 3 potions of berserk rage
 n - 4 potions of haste
 o - 8 potions of curing
 p - a potion of resistance
 r - a potion of cancellation {unknown}
 w - a potion of might
 B - a potion of brilliance {unknown}
Miscellaneous
 I - a box of beasts
Comestibles
 b - 5 meat rations
 c - 7 bread rations
 O - 3 royal jellies


   Skills:
 + Level 9.4 Fighting
 + Level 12.6 Long Blades
 + Level 9.7 Armour
 + Level 9.7 Dodging


You had 10 spell levels left.
You didn't know any spells.

Dungeon Overview and Level Annotations

Branches:
Dungeon (12/15)            Temple (0/1) D:5            Lair (0/8) D:10
    Orc (0/2) D:9

Altars:
Ashenzari
Fedhas
Gozag
Kikubaaqudgha
Makhleb
Nemelex Xobeh
Pakellas
Qazlal
Sif Muna
Vehumet
Yredelemnul
Zin
The Shining One

Shops:
D:4 *   D:6 :

Annotations:
D:11 Maurice IceCv exclusion: 3 ice statues


Innate Abilities, Weirdness & Mutations

You have a beak for a mouth.
You have claws for feet.
You can fly.
Your mind is acute. (Int +2)
Your muscles are strong. (Str +2)


Message History

You claw the ice beast, but do no damage.
You peck the ice beast, but do no damage.
The ice beast is almost dead.
You are engulfed in freezing vapours.
* * * LOW HITPOINT WARNING * * *
The ice beast barely misses you. The ice beast misses you.
The ice beast closely misses you.
Read which item? (? for menu, Esc to quit)
Okay, then.
Drink which item? (? for menu, Esc to quit)
Okay, then.
Your skin crawls.
You feel resistant to hostile enchantments.
You feel slightly more hungry.
You are engulfed in freezing vapours.
* * * LOW HITPOINT WARNING * * *
The ice beast hits you but does no damage. x2
The ice beast hits you.
* * * LOW HITPOINT WARNING * * *
The ice beast freezes you!
You die...

###8###
##.....##
##.......##
#.........#
#.§.......#
#..Y......#
#§YYY.....#
#8Y@YY...8#
#####.#####
#.[.....[.#
#).......(#
#.........#
#.........#
#.........#
##.......##
##.....##


You could see 3 ice statues and 7 ice beasts.

Vanquished Creatures
  A minotaur (Lab)
  Erolcha (D:9)
  An unseen horror (D:11)
  A wolf spider zombie (D:12)
  2 hill giants (D:10)
  3 ugly things
  A centaur zombie (D:9)
  A troll (D:11)
  The ghost of aurelian the Grave Robber, an amateur NaNe (D:5)
  Sigmund (D:4)
  3 yaks (D:10)
  Eustachio (D:4)
  A human (D:11)
  2 wraiths
  A vampire (D:12)
  2 hippogriffs
  A steam dragon (D:9)
  A mottled dragon (D:12)
  2 water moccasins (D:8)
  Purgy (Sewer)
  2 black bears
  4 sky beasts
  3 orc warriors
  9 ice beasts
  3 phantoms
  3 ogres
  2 necrophages
  A centaur (D:10)
  A big kobold (D:9)
  6 giant frogs
  2 scorpions
  10 killer bees
  8 wights
  3 crimson imps
  4 lava snakes (Lab)
  A quasit (D:7)
  2 jellies
  4 orc priests
  3 giant frog skeletons
  5 hounds
  13 orc wizards
  2 centaur skeletons
  Ijyb (D:2)
  6 iguanas
  5 worker ants
  A hound zombie (D:7)
  2 worker ant zombies
  6 adders
  5 shadow imps
  2 oozes
  2 worms
  2 dart slugs (D:2)
  4 giant geckos
  34 orcs
  13 bats
  5 giant cockroaches
  8 goblins
  8 hobgoblins
  A quokka (D:6)
  2 ball pythons
  3 giant newts
  2 goblin skeletons (D:6)
  5 hobgoblin zombies (D:6)
  9 kobolds
  A kobold skeleton (D:6)
  A kobold zombie (D:6)
  An orc skeleton (D:6)
  3 orc zombies (D:6)
  7 rats
258 creatures vanquished.

Vanquished Creatures (others)
  2 orc wizards (D:7)
2 creatures vanquished.

Grand Total: 260 creatures vanquished

Notes
Turn   | Place    | Note
--------------------------------------------------------------
     0 | D:1      | aurelian the Tengu Berserker began the quest for the Orb.
     0 | D:1      | Reached XP level 1. HP: 14/14 MP: 2/2
    75 | D:1      | Reached XP level 2. HP: 17/19 MP: 3/3
   155 | D:1      | Reached skill level 4 in Long Blades
   793 | D:2      | Reached XP level 3. HP: 22/23 MP: 4/4
  1178 | D:2      | Reached ** piety under Trog
  1322 | D:2      | Reached skill level 5 in Long Blades
  1624 | D:2      | Noticed Ijyb
  1627 | D:2      | Killed Ijyb
  1627 | D:2      | Reached XP level 4. HP: 28/28 MP: 5/5
  2001 | D:3      | Reached skill level 6 in Long Blades
  2266 | D:4      | Found Sekifuk's General Store.
  2272 | D:4      | Bought a scroll of enchant weapon for 75 gold pieces
  2272 | D:4      | Bought a potion of invisibility for 80 gold pieces
  2385 | D:4      | Gained mutation: You can fly. [Tengu growth]
  2385 | D:4      | Reached XP level 5. HP: 20/32 MP: 6/6
  2523 | D:4      | Noticed Sigmund
  2532 | D:4      | Killed Sigmund
  2532 | D:4      | Reached skill level 7 in Long Blades
  2532 | D:4      | Reached XP level 6. HP: 25/37 MP: 7/7
  2656 | D:4      | Noticed a phantom
  2690 | D:4      | Killed a phantom
  2690 | D:4      | Reached skill level 8 in Long Blades
  2690 | D:4      | Reached XP level 7. HP: 27/41 MP: 8/8
  2834 | D:4      | Noticed Eustachio
  2888 | D:4      | Killed Eustachio
  2888 | D:4      | Reached skill level 9 in Long Blades
  3309 | D:5      | Entered Level 5 of the Dungeon
  3508 | D:5      | Found a glowing silver altar of Zin.
  3508 | D:5      | Found a shattered altar of Ashenzari.
  3508 | D:5      | Found a basalt altar of Yredelemnul.
  3869 | D:5      | Reached XP level 8. HP: 35/46 MP: 9/9
  4044 | D:5      | Noticed aurelian's ghost (amateur NaNe)
  4056 | D:5      | Killed aurelian's ghost
  4231 | D:5      | Found a staircase to the Ecumenical Temple.
  4410 | D:6      | Found a glowing drain.
  4415 | Sewer    | Entered a sewer
  4446 | Sewer    | Noticed Purgy
  4470 | Sewer    | Killed Purgy
  4593 | D:6      | Found an oddly glowing altar of Pakellas.
  4594 | D:6      | Found a blossoming altar of Fedhas.
  4635 | D:6      | Found Worrokux's Book Shoppe.
  4772 | D:6      | Found a stormy altar of Qazlal.
  4864 | D:6      | Reached *** piety under Trog
  4927 | D:6      | Found a glowing golden altar of the Shining One.
  5466 | D:7      | Reached skill level 10 in Long Blades
  5476 | D:7      | Reached skill level 5 in Fighting
  5476 | D:7      | Reached XP level 9. HP: 27/54 MP: 10/10
  5483 | D:7      | Reached skill level 5 in Armour
  5483 | D:7      | Reached skill level 5 in Dodging
  5833 | D:7      | Found an ancient bone altar of Kikubaaqudgha.
  5856 | D:7      | Identified Kikubaaqudgha's Compendium of Dark Arts
  5866 | D:7      | Found a radiant altar of Vehumet.
  5885 | D:7      | Found a deep blue altar of Sif Muna.
  6227 | D:7      | Found a sparkling altar of Nemelex Xobeh.
  6264 | D:7      | Found a burning altar of Makhleb.
  7041 | D:8      | Gained mutation: Your muscles are strong. (Str +2) [mutagenic meat]
  7042 | D:8      | Gained mutation: Your mind is acute. (Int +2) [mutagenic meat]
  7437 | D:9      | Reached skill level 11 in Long Blades
  7437 | D:9      | Reached XP level 10. HP: 30/61 MP: 11/11
  7883 | D:9      | Found a staircase to the Orcish Mines.
  8374 | D:9      | Reached **** piety under Trog
  8594 | D:9      | Noticed Erolcha
  8608 | D:9      | Killed Erolcha
  8903 | D:10     | Entered Level 10 of the Dungeon
  9118 | D:10     | Found a staircase to the Lair.
  9131 | D:10     | Noticed a hill giant
  9146 | D:10     | Killed a hill giant
  9256 | D:10     | Received a gift from Trog
  9446 | D:10     | Noticed a hill giant
  9451 | D:10     | Killed a hill giant
  9451 | D:10     | Reached XP level 11. HP: 68/68 MP: 12/12
  9569 | D:10     | Reached skill level 12 in Long Blades
  9801 | D:11     | Found an opulent altar of Gozag.
  9858 | D:11     | Found an opulent altar of Gozag.
  9869 | D:11     | Found a labyrinth entrance.
  9875 | Lab      | Entered a labyrinth
 10780 | Lab      | Noticed a minotaur
 10791 | Lab      | Killed a minotaur
 11036 | Lab      | Got a shimmering plate armour
 11037 | Lab      | Identified the +8 plate armour of Yminojot {rF+} (You found it in a labyrinth)
 11396 | D:11     | Noticed Maurice
 11517 | D:11     | Killed an unseen horror
 11756 | D:11     | Noticed a red ugly thing
 11766 | D:11     | Killed a red ugly thing
 12030 | D:12     | Noticed a red ugly thing
 12040 | D:12     | Killed a red ugly thing
 12113 | D:12     | Noticed a white ugly thing
 12169 | D:12     | Killed a white ugly thing
 12311 | D:12     | Found a frozen archway.
 12320 | IceCv    | Entered an ice cave
 12639 | IceCv    | HP: 2/70 [ice statue] (15)]
 12639 | IceCv    | Mangled by an ice beast

Vault maps used:
D:1:      dpeg_arrival_rhombus
D:2:      grunt_ministairs_5, uniq_iyjb
D:3:      first_bread
D:4:      serial_shops, nicolae_shop_temple_entry_statues_fountains,
          uniq_eustachio, uniq_sigmund
D:5:      gammafunk_temple_overflow_forgotten, minmay_temple_entry_poolview
D:6:      old_standard_altar, nicolae_tso_besieged_by_evil,
          grunt_temple_overflow_open, portal_sewer_entry_e, serial_shops,
          nicolae_shop_competitors_out_of_business, kennysheep_dice
D:7:      palyth_temple_overflow_mages, marbit_many_paths,
          nicolae_overflow_hidden_temple, uniq_pikel
D:8:      mrwooster_statue_mirror
D:9:      david_orc_3, uniq_erolcha
D:10:     lair_0_dummy
D:11:     lab_entry_generic, basic_altar, hangedman_stone_soup,
          grunt_gozag_statues, uniq_maurice
D:12:     serial_ice, serial_ice_o, serial_ice_c, serial_ice_d, serial_ice_m,
          portal_ice_cave_entry_pillars_02, grunt_ministairs_11
Lab:      labyrinth_lava_lair
Sewer:    sewer_big_baddie
IceCv:    ice_cave_statue_garden_02

Skill      XL: |  1  2  3  4  5  6  7  8  9 10 11 |
---------------+----------------------------------+-----
Long Blades    | 4 5 6 7 8 9 10 11 12 | 12.6
Armour         | 3 4 6 8 9 |  9.7
Dodging        | 4 6 8 9 |  9.7
Fighting       | 5 6 8 9 |  9.4

Action                   |  1- 3 |  4- 6 |  7- 9 | 10-12 || total
-------------------------+-------+-------+-------+-------++-------
Melee: Falchion          |    81 |    75 |   403 |   129 ||   688
       Kick              |    22 |    21 |   127 |   165 ||   335
       Peck              |    16 |    18 |   107 |   112 ||   253
       Scimitar          |       |       |       |   322 ||   322
Invok: Berserk           |     2 |     1 |     7 |     9 ||    19
       Trog's Hand       |       |       |     5 |    12 ||    17
       Burn Spellbooks   |       |       |     2 |       ||     2
  Use: Scroll            |     4 |     3 |    15 |     7 ||    29
       Potion            |       |     1 |     1 |     4 ||     6
 Stab: Sleeping          |     1 |       |       |       ||     1
       Invisible         |       |     2 |       |       ||     2
  Eat: Chunk             |     3 |     4 |    23 |    16 ||    46
       Pizza             |       |     1 |       |     1 ||     2
       Beef jerky        |       |       |     1 |     3 ||     4
       Bread ration      |       |       |       |     1 ||     1
       Fruit             |       |       |       |     1 ||     1
Armor: Animal skin       |     6 |       |       |       ||     6
       Chain mail        |    25 |    28 |   168 |   106 ||   327
       Plate armour      |       |       |       |    64 ||    64
       Scale mail        |       |       |       |    39 ||    39
Dodge: Dodged            |    41 |    29 |   191 |   212 ||   473
